 Dungeon Crawl Stone Soup version 0.22.1-5-g62c59d9 (webtiles) character file.

8472 Kairos the Cleaver (level 11, 0/58 HPs)
             Began as a Vine Stalker Fighter on Jan 14, 2019.
             Was a Priest of Okawaru.
             Slain by an ice beast (5 damage)
             ... on level 2 of the Lair of Beasts.
             The game lasted 00:17:12 (9258 turns).

Kairos the Cleaver (Vine Stalker Fighter)           Turns: 9258, Time: 00:17:13

Health: 0/58       AC: 14    Str: 27    XL:     11   Next: 31%
Magic:  0/22       EV:  8    Int:  8    God:    Okawaru [***...]
Gold:   585        SH: 11    Dex: 14    Spells: 10/10 levels left

rFire    . . .     SeeInvis .   j - +3 war axe
rCold    . . .     Gourm    .   c - +0 shield
rNeg     . . .     Faith    .   x - +0 chain mail
rPois    .         Spirit   +   o - +0 helmet
rElec    .         Reflect  .   B - +0 cloak
rCorr    .         Harm     .   p - +0 pair of gloves
MR       +....                  (no boots)
Stlth    ..........             k - amulet of rage
HPRegen  0.59/turn              t - ring of magical power
MPRegen  0.18/turn              G - ring of wizardry

@: mighty
A: fangs 3, regeneration 1, magic shield, antimagic bite, no potion heal 3, rot
immunity
a: Heroism, Renounce Religion, Evoke Berserk Rage


You were on level 2 of the Lair of Beasts.
You worshipped Okawaru.
Okawaru was most pleased with you.
You were not hungry.

You visited 3 branches of the dungeon, and saw 12 of its levels.
You also visited: Ossuary.

You collected 741 gold pieces.
You spent 156 gold pieces at shops.

Inventory:

Hand Weapons
 j - a +3 war axe (weapon)
 L - a +0 broad axe
Armour
 c - a +0 shield (worn)
 o - a +0 helmet (worn)
 p - a +0 pair of gloves (worn)
 x - a +0 chain mail (worn)
 B - a +0 cloak (worn)
Jewellery
 k - an amulet of rage (around neck)
 t - a ring of magical power (left hand)
 G - a ring of wizardry (right hand)
Wands
 a - a wand of disintegration (6)
 r - a wand of flame (29)
 A - a wand of polymorph (25)
 F - a wand of paralysis (6)
 H - a wand of iceblast (8)
 J - a wand of scattershot (6)
Scrolls
 g - 6 scrolls of remove curse
 h - 14 scrolls of identify
 n - 2 scrolls of blinking {unknown}
 q - a scroll of enchant armour {unknown}
 s - 2 scrolls of immolation {unknown}
 u - 2 scrolls of amnesia {unknown}
 y - 3 scrolls of fear {unknown}
 C - 2 scrolls of teleportation {unknown}
 I - a scroll of fog {unknown}
 K - a scroll of enchant weapon {unknown}
Potions
 b - a potion of haste {unknown}
 d - 8 potions of might
 i - 13 potions of curing {unknown}
 l - a potion of degeneration {unknown}
 m - 2 potions of lignification {unknown}
 v - a potion of brilliance {unknown}
 w - a potion of invisibility {unknown}
 z - 3 potions of flight {unknown}
 D - a potion of mutation {unknown}
 E - 2 potions of magic {unknown}
Comestibles
 f - 21 rations


   Skills:
 + Level 6.6 Fighting
 + Level 11.1 Axes
 + Level 6.3 Armour
 + Level 2.4 Dodging
 + Level 1.5 Stealth
 + Level 6.6 Shields
 + Level 1.5 Evocations


You had 10 spell levels left.
You didn't know any spells.
Your spell library contained the following spells:

 Spells                   Type           Power        Failure   Level  Hunger
 Animate Skeleton         Necr           N/A          92%         1    ##.....
 Apportation              Tloc           #.....       92%         1    ##.....
 Confusing Touch          Hex            #.....       92%         1    ##.....
 Sandblast                Erth           #.....       92%         1    ##.....
 Summon Butterflies       Summ           #.......     92%         1    ##.....
 Summon Small Mammal      Summ           #...         92%         1    ##.....
 Passwall                 Tmut/Erth      #.......     98%         2    ###....
 Lesser Beckoning         Tloc           #.........   100%        3    ####...
 Stone Arrow              Conj/Erth      #.....       100%        3    ####...
 Tukima's Dance           Hex            #.......     100%        3    ####...
 Petrify                  Tmut/Erth      #.......     100%        4    #####..
 Alistair's Intoxication  Tmut/Pois      #.......     100%        5    ######.
 Lee's Rapid Deconstruct  Erth           #.........   100%        5    ######.
 Invisibility             Hex            #.......     100%        6    #######


Dungeon Overview and Level Annotations

Branches:
Dungeon (9/15)             Temple (1/1) D:7            Lair (2/6) D:9
  Swamp: Lair:2-4    Shoals: Lair:2-4     Snake: Lair:2-4    Spider: Lair:2-4
    Orc: D:9-12

Altars:
Ashenzari
Dithmenos
Gozag
Hepliaklqana
Makhleb
Nemelex Xobeh
Okawaru
Ru
Sif Muna
Trog
Uskayaw
Vehumet
Xom
Yredelemnul
The Shining One
Jiyva

Shops:
D:4 }   D:5 (

Portals:
Ice
Cave: Lair:2

Annotations:
D:4 3 runed doors, Kairos's ghost, amateur VSFi; colophon's ghost, novice KoEn
Lair:2 Fannar


Innate Abilities, Weirdness & Mutations

You have razor-sharp teeth.
Your natural rate of healing is unusually fast.
When hurt, damage is shared between your health and your magic reserves.
Your bite disrupts and absorbs the magic of your enemies.
Potions cannot restore your health.
You are immune to rotting.


Message History

You hit the ice beast but do no damage. You slash the ice beast!
Fannar hits you with a quarterstaff of freezing.
* * * LOW HITPOINT WARNING * * *
Fannar freezes you.
* * * LOW HITPOINT WARNING * * *
The ice beast hits you but does no damage.
You block the ice beast's attack.
The ice beast hits you but does no damage.
As you read the scroll labeled YQUFYNW JU JUNNEDD, it crumbles to dust.
You feel blessed for a moment.
It was a scroll of remove curse.
You block Fannar's attack. You block the ice beast's attack. x2
The ice beast hits you.
* * * LOW HITPOINT WARNING * * *
The ice beast freezes you.
* * * LOW HITPOINT WARNING * * *
You feel very mighty all of a sudden. Fannar barely misses you.
The ice beast hits you.
* * * LOW HITPOINT WARNING * * *
The ice beast freezes you!
You die...

,,,,,,,,,,,,,,,,,,,,,,,,*
≈≈,,,,,,,,..,.......∩..,*
*,≈,*,,,,.,..P.#......,,*
*≈,≈,,*,,..,.#.#.....,..#
≈,,,,,,*,...,.#.....#...#
≈≈,≈,***,....#......#P.##
≈,,,,***,...........#...*
≈,*,,,**.....#.YeY#..#.#*
≈**+,***.......#@P...#.#
,**,****.......Y.......#
,**,,,,*...............##
,,,,,,,,................#
,,,,,,,,...............##
,,,,,,,,...............##
,,,,,,,,................#
,,,,,,*,...............##*
,,*,,***.....P..####.....#


You could see Fannar and 3 ice beasts.

Vanquished Creatures
  Erolcha (D:9)
  A two-headed ogre (D:9)
  Psyche (D:8)
  2 spiny frogs
  3 hippogriffs
  Sigmund (D:2)
  4 hogs (D:8)
  A hungry ghost (D:7)
  A human (D:8)
  4 water moccasins
  3 porcupines
  2 orc warriors
  4 ice beasts (Lair:2)
  4 phantoms
  2 ogres
  2 crocodiles (Lair:1)
  2 centaurs
  2 big kobolds
  4 bullfrogs
  A wyvern zombie (D:7)
  2 gnoll sergeants
  2 water moccasin zombies (Ossuary)
  2 scorpions
  3 wights (D:6)
  12 killer bees
  3 crimson imps
  A centaur zombie (D:5)
  2 jellies
  A bullfrog zombie (D:7)
  Crazy Yiuf (D:2)
  3 orc priests (D:8)
  5 orc wizards
  2 iguanas (D:4)
  3 worker ants
  4 big kobold zombies (Ossuary)
  2 hound skeletons
  2 mummies (Ossuary)
  Robin (D:3)
  16 gnolls
  10 adders
  A shadow imp (D:8)
  2 oozes
  9 adder zombies
  7 worms
  4 dart slugs
  3 leopard geckos
  25 orcs
  3 giant cockroaches
  16 goblins
  8 hobgoblins
  7 jackals
  21 kobolds
  7 quokkas
  4 ball pythons
  9 bats
  13 frilled lizards
  A giant cockroach zombie (D:5)
  2 gnoll zombies (Ossuary)
  8 hobgoblin zombies (Ossuary)
  3 kobold zombies (Ossuary)
  3 orc zombies (Ossuary)
  10 rats
288 creatures vanquished.

Vanquished Creatures (others)
  2 withered plants (D:4)
2 creatures vanquished.

Grand Total: 290 creatures vanquished

Notes
Turn   | Place    | Note
-------+----------+-------------------------------------------
     0 | D:1      | Kairos the Vine Stalker Fighter began the quest for the
                  | Orb.
     0 | D:1      | Reached XP level 1. HP: 11/11 MP: 2/2
    87 | D:1      | Reached XP level 2. HP: 10/16 MP: 3/3
    95 | D:1      | Reached skill level 2 in Axes
   720 | D:1      | Reached XP level 3. HP: 19/19 MP: 4/4
  1172 | D:2      | Gained mutation: Your natural rate of healing is unusually
                  | fast. [Vine Stalker growth]
  1172 | D:2      | Reached XP level 4. HP: 19/23 MP: 5/5
  1401 | D:2      | Reached skill level 3 in Axes
  1439 | D:2      | Noticed Sigmund
  1446 | D:2      | Killed Sigmund
  1446 | D:2      | Reached skill level 4 in Axes
  1446 | D:2      | Reached XP level 5. HP: 19/28 MP: 1/6
  1446 | D:2      | Reached XP level 6. HP: 22/32 MP: 1/7
  1758 | D:2      | Found a runed door.
  1885 | D:2      | Noticed Crazy Yiuf
  1897 | D:2      | Killed Crazy Yiuf
  1897 | D:2      | Reached skill level 1 in Evocations
  2232 | D:3      | Noticed Robin
  2246 | D:3      | Killed Robin
  2755 | D:3      | Found a sacrificial altar of Ru.
  2902 | D:3      | Found a burning altar of Makhleb.
  2905 | D:3      | Reached XP level 7. HP: 36/36 MP: 8/8
  2906 | D:3      | Found a shimmering altar of Xom.
  3115 | D:4      | Reached skill level 5 in Axes
  3147 | D:4      | Found a runed gate.
  3149 | D:4      | Found a runed gate.
  3149 | D:4      | Found a runed gate.
  3157 | D:4      | Noticed colophon's ghost (novice KoEn)
  3158 | D:4      | Noticed Kairos's ghost (amateur VSFi)
  3195 | D:4      | Reached skill level 1 in Dodging
  3314 | D:4      | Found Zugygor's Gadget Shoppe.
  3507 | D:4      | Reached skill level 6 in Axes
  3765 | D:4      | Bought a wand of disintegration (8) for 156 gold pieces
  3876 | D:5      | Entered Level 5 of the Dungeon
  3905 | D:5      | Gained mutation: You have razor-sharp teeth. [Vine Stalker
                  | growth]
  3905 | D:5      | Reached XP level 8. HP: 40/40 MP: 9/9
  4008 | D:5      | Found a faded altar of an unknown god.
  4008 | D:5      | Found a deep blue altar of Sif Muna.
  4014 | D:5      | Found a sparkling altar of Nemelex Xobeh.
  4016 | D:5      | Found a hide-covered altar of Uskayaw.
  4018 | D:5      | Found a faded altar of an unknown god.
  4181 | D:5      | Found Jusudump's Weapon Shoppe.
  4267 | D:5      | Found an opulent altar of Gozag.
  4273 | D:5      | Found a basalt altar of Yredelemnul.
  4483 | D:6      | Reached skill level 7 in Axes
  4720 | D:6      | Reached XP level 9. HP: 43/45 MP: 10/10
  4739 | D:6      | Found a shattered altar of Ashenzari.
  5116 | D:7      | Found a sand-covered staircase.
  5122 | Ossuary  | Entered an ossuary
  5204 | Ossuary  | Reached skill level 8 in Axes
  5412 | D:7      | Reached skill level 5 in Shields
  5490 | D:7      | Reached skill level 9 in Axes
  5637 | D:7      | Reached skill level 5 in Fighting
  5672 | D:7      | You fall through a shaft for 2 floors!
  6058 | D:8      | Reached XP level 10. HP: 44/51 MP: 11/11
  6124 | D:8      | Reached skill level 5 in Armour
  6182 | D:8      | Found a glowing golden altar of the Shining One.
  6268 | D:8      | Noticed Psyche
  6280 | D:8      | Killed Psyche
  6767 | D:8      | Reached skill level 10 in Axes
  7206 | D:7      | Found a staircase to the Ecumenical Temple.
  7233 | Temple   | Entered the Ecumenical Temple
  7250 | Temple   | Became a worshipper of Warmaster Okawaru
  7542 | D:9      | Noticed a two-headed ogre
  7552 | D:9      | Killed a two-headed ogre
  7552 | D:9      | Reached * piety under Okawaru
  7861 | D:9      | Noticed Erolcha
  7866 | D:9      | Killed Erolcha
  7866 | D:9      | Reached ** piety under Okawaru
  7967 | D:9      | Found a hazy altar of Hepliaklqana.
  8136 | D:9      | Found a staircase to the Lair.
  8342 | Lair:1   | Entered Level 1 of the Lair of Beasts
  8435 | Lair:1   | Reached XP level 11. HP: 56/56 MP: 13/13
  8609 | Lair:1   | Reached skill level 1 in Stealth
  8693 | Lair:1   | Reached skill level 11 in Axes
  8772 | Lair:1   | Reached *** piety under Okawaru
  9230 | Lair:2   | Found a frozen archway.
  9230 | Lair:2   | Noticed Fannar
  9258 | Lair:2   | Slain by an ice beast

Skill      XL: |  1  2  3  4  5  6  7  8  9 10 11 |
---------------+----------------------------------+-----
Axes           | 2 4 6 7 9 10 11 | 11.1
Shields        | 3 4 5 6 |  6.6
Armour         | 3 4 6 |  6.3
Fighting       | 3 4 5 6 |  6.6
Evocations     | 1 |  1.5
Dodging        | 1 2 |  2.4
Stealth        | 1 |  1.5

Action                   |  1- 3 |  4- 6 |  7- 9 | 10-12 || total
-------------------------+-------+-------+-------+-------++-------
Melee: War axe           |    86 |   113 |   399 |   173 ||   771
       Bite              |    27 |    25 |   123 |    56 ||   231
       Broad axe         |       |       |       |    10 ||    10
Invok: Heroism           |       |       |       |     2 ||     2
 Abil: Evoke Berserk Rag |       |     2 |       |     1 ||     3
Evoke: Wand              |       |       |     1 |     2 ||     3
  Use: Scroll            |       |       |     2 |     2 ||     4
       Potion            |       |       |     1 |     1 ||     2
  Eat: Chunk             |       |     8 |    11 |     4 ||    23
       Ration            |       |       |       |     3 ||     3
Armor: Scale mail        |    49 |    50 |    20 |       ||   119
       Chain mail        |       |       |   139 |    90 ||   229
Dodge: Dodged            |    25 |    31 |    98 |    50 ||   204
Block: Shield            |    53 |    57 |   177 |    99 ||   386
